Zazza, neutral female human Tourist ------------- |....<......| |............# ------ ------.------# |...@+ ## # |...d| # # |..... # # #|....| #`##################`#.....| ---------.--- #--.--- # ------ |.(.........| #.....-###### |......%....| #|...>| |..>.........#####|....+ ------------- |....| ------ Zazza the Rambler Experience level: 1 Strength: 15 Dexterity: 11 Constitution: 15 Intelligence: 14 Wisdom: 9 Charisma: 15 Health: 0(8) Energy: 2(2) Def: 1 Gold: 97 Moves: 1670 Dungeon seed: rv0uWxfcLrfUE6gc Game ID: Zazza_1619208691 Your Inventory: Coins $ - 97 gold pieces Weapons a - 33 +2 darts o - 25 +0 darts v - 2 +0 orcish daggers (wielded) E - a +0 dagger Armor e - an uncursed +0 Hawaiian shirt (being worn) n - an uncursed +0 pair of gauntlets of power z - a blessed +0 orcish helm (being worn) Comestibles b - 5 uncursed food rations c - 3 uncursed fortune cookies d - 3 uncursed tripe rations f - an uncursed cream pie g - an uncursed melon h - an uncursed tin of spinach s - 2 uncursed lichen corpses u - an uncursed tin of spinach P - an uncursed slime mold Scrolls j - an uncursed scroll of magic mapping t - a cursed scroll of identify Spellbooks C - an uncursed spellbook of light O - an uncursed spellbook of light Potions i - an uncursed potion of extra healing p - an uncursed potion of gain ability M - an uncursed potion of sleeping Tools k - an expensive camera (0:91) l - an uncursed credit card m - an uncursed tin opener r - an uncursed tin whistle x - an uncursed stethoscope N - an uncursed sack Gems q - an uncursed worthless piece of orange glass y - an uncursed agate stone D - an uncursed worthless piece of yellow glass Y - an uncursed worthless piece of red glass Contents of the sack: 498 gold pieces Spells and supernatural/magical abilities: Name Level Category Fail Memory W - pray for help -- divine ? -- Your skills at the end: Fighting Skills Weapon Skills dart [Basic] Spellcasting Skills Final Attributes: You were aligned. You are dead. Vanquished creatures: a hobbit a yellow mold 6 jackals 4 kobolds 4 goblins 3 sewer rats 3 grid bugs 4 lichens 4 newts 30 creatures vanquished. Voluntary challenges: You used a wielded weapon 2 times, starting on turn 762. You read items or engraved 2 times, starting on turn 676. You never genocided any monsters. You never polymorphed an object. You never changed form. You used no wishes. You never split a pudding. You never wrote Elbereth's name. You never violated your personal moral code. Dungeon overview: The Dungeons of Doom: levels 1 to 4 Level 1 an altar to The Lady, a fountain a long staircase Level 2 some fountains Level 3 an armor shop, a fountain Level 4 <- You were here a long staircase History has recorded: On T:1 you entered the Dungeons of Doom to retrieve the Amulet of Yendor! On T:650 you reached level 2 of The Dungeons of Doom. On T:1003 you reached level 3 of The Dungeons of Doom. On T:1512 you reached level 4 of The Dungeons of Doom. Score breakdown: Gold: 574 ( 9387 points) Experience: 1 level ( 0 points) Exploration: 4 levels ( 8.00%) ( 7423 points) Discoveries: 5 items ( 1.68%) ( 3885 points) Valuables value: (no points given unless you survive) Artifact value: 0 ( 0 points) Variety of kills: 9 monsters ( 2.36%) ( 4610 points) Turncount: 1670 turns ( 0 points) Survival: died (score multiplied by 80%) Total score: 20244 Latest messages: You displace Armand. You see here an orange gem. y - an orange gem. Armand misses the jackal. Armand bites the jackal. The jackal is killed! Armand eats a jackal corpse. You see here a large box. The jackal bites! You hear some noises. Hmmm, it seems to be locked. You succeed in picking the lock. You trigger a trap! A tower of flame bursts from the large box! You stop picking the lock. One of your scrolls of magic mapping catches fire and burns! Your dark brown spellbook catches fire and burns! One of your potions of extra healing boils and explodes! You die... Final status: Aloha Zazza the Tourist, killed by a boiling potion... You died in The Dungeons of Doom on dungeon level 4 with 20244 points, and 595 pieces of gold, after 1670 moves. You were level 1 with a maximum of 8 hit points when you died.